[Event "Slovakian-ch Youth 2022"]
[Site "Lubovna"]
[Date "2022.05.23"]
[Round "4.17"]
[White "Rakovsky, Jakub"]
[Black "Sandor, Samuel"]
[Result "0-1"]
[ECO "C58"]
[WhiteElo "1888"]
[BlackElo "2054"]
[Annotator "TA"]
[PlyCount "62"]
[EventDate "2022.05.22"]
[EventCountry "SVK"]
[SourceTitle "playchess.com"]
[Source "ChessBase"]
[SourceQuality "1"]
[TimeControl "40/5400+30:1800+30"]

1. e4 e5 2. Nf3 Nc6 3. Bc4 Nf6 4. Ng5 d5 5. exd5 Na5 6. Bb5+ c6 7. dxc6 bxc6 8. Qf3 {[%emt 0:08:29] Recently 8.Bd3 got a lot of attention.} Be7 {[%emt 0:00:05] [#] C58: Two Knights: 4 Ng5 d5 5 exd5 Na5 sidelines.} 9. Bf1 $146 ({Predecessor:} 9. Bd3 O-O 10. Nc3 h6 11. Nge4 Nd5 12. Ng3 Nb4 13. Nf5 Nxd3+ 14. Qxd3 Bc5 15. Qxd8 Rxd8 16. g4 {1-0 (36) Fedoseev,V (2687)-Predke,A (2690) chess24.com INT 2021}) 9... O-O {[%emt 0:00:59][%mdl 1024] Black has compensation.} 10. Ne4 Nd5 {[%emt 0:05:34] Black is slightly better.} 11. d3 f5 12. Nec3 Bb7 13. a3 (13. Be2 $11) 13... c5 $36 {[%emt 0:02:19][%mdl 2048] Black is on the roll.} 14. Nxd5 Bxd5 ({Reject} 14... Qxd5 $6 15. Qxd5+ Bxd5 16. Bd2 $11) 15. Qd1 Bb7 {[%emt 0:09:42] Black is much more active.} 16. Nc3 Nc6 17. Be2 Nd4 18. Rg1 (18. O-O $17 {keeps fighting.}) 18... Qc7 19. Be3 Rad8 20. g3 (20. Qd2 $17 {was necessary.}) 20... Kh8 21. a4 a6 22. b3 Bf6 ({Avoid the trap} 22... Qa5 $2 23. Bd2 Qb6 24. h4 $19) 23. Bxd4 cxd4 ({But not} 23... Rxd4 $2 24. Kf1 $19) 24. Nb1 e4 {[%emt 0:00:43][%cal Be5e4,Be4e3][%mdl 32] [#] Threatens to win with ...f4.} 25. Nd2 (25. Ra2 $142 e3 26. f3) 25... e3 $19 {[%emt 0:05:03] Strongly threatening ...Qc3.} 26. Nf3 g5 {[%emt 0:02:57][%cal Bg7g5,Bg5g4][%mdl 32] ...g4 is the strong threat.} 27. Kf1 g4 {[%emt 0:01:09] aiming for ...f4.} 28. Ne1 exf2 29. Kxf2 Bg5 {[%emt 0:02:57] A strong pair of Bishops.} 30. Ng2 {[%emt 0:00:36] Inhibits Be3+.} f4 31. gxf4 Rxf4+ {[%emt 0:03:56] White got outplayed after the opening.  Weighted Error Value: White=1.09/Black=0.06 (flawless)} 0-1

[Event "Slovakian-ch Youth 2022"]
[Site "Lubovna"]
[Date "2022.05.23"]
[Round "4.18"]
[White "Jurky, Marian"]
[Black "Rak, Martin"]
[Result "0-1"]
[ECO "D30"]
[WhiteElo "1689"]
[BlackElo "1849"]
[Annotator "NA COMBH"]
[PlyCount "71"]
[EventDate "2022.05.22"]
[EventCountry "SVK"]
[SourceTitle "playchess.com"]
[Source "ChessBase"]
[SourceQuality "1"]
[TimeControl "40/5400+30:1800+30"]

1. d4 Nf6 2. c4 e6 3. Nf3 d5 4. Bg5 h6 5. Bxf6 Qxf6 6. cxd5 exd5 7. e3 c6 8. Bd3 Bd6 9. Nbd2 Bf5 10. Qc2 Bxd3 11. Qxd3 O-O 12. O-O Re8 13. h3 Qe6 14. Rfe1 f5 15. Nf1 Nd7 16. N3d2 Nf6 17. f4 Ne4 18. Nxe4 fxe4 19. Qd2 Kh8 20. Nh2 h5 21. Qf2 c5 22. dxc5 Bxc5 23. Rac1 b6 24. Nf1 Qf6 25. Rcd1 Rad8 26. Kh1 g5 27. f5 g4 28. hxg4 hxg4 29. g3 Re5 30. Nh2 Rxf5 31. Qe2 Qh6 32. Qxg4 Rh5 33. Rd2 Bb4 34. Ree2 Bxd2 35. Rxd2 Rf8 36. Kg2 0-1

[Event "Slovakian-ch Youth 2022"]
[Site "Lubovna"]
[Date "2022.05.23"]
[Round "4.19"]
[White "Koska, Jiri"]
[Black "Orgon, Patrik"]
[Result "1/2-1/2"]
[ECO "A13"]
[WhiteElo "1759"]
[BlackElo "1721"]
[Annotator "NA COMBH"]
[PlyCount "66"]
[EventDate "2022.05.22"]
[EventCountry "SVK"]
[SourceTitle "playchess.com"]
[Source "ChessBase"]
[SourceQuality "1"]
[TimeControl "40/5400+30:1800+30"]

1. Nf3 d5 2. g3 Nf6 3. c4 e6 4. Bg2 c6 5. O-O Bd6 6. cxd5 exd5 7. d4 O-O 8. Bg5 h6 9. Bxf6 Qxf6 10. e3 Bg4 11. Nbd2 Bxf3 12. Nxf3 Nd7 13. a3 Nb6 14. Nd2 Rfe8 15. b4 a5 16. Qb3 a4 17. Qd3 Nd7 18. Rfc1 Rac8 19. b5 Qe7 20. bxc6 bxc6 21. Qa6 Bxa3 22. Rxc6 Nb8 23. Qxa4 Rxc6 24. Qxa3 Ra6 25. Qb2 Rxa1+ 26. Qxa1 Rd8 27. Nb3 Nc6 28. Nc5 Qc7 29. Qa2 Ne7 30. Bf3 Qb6 31. Kg2 g6 32. h4 Kg7 33. Nd3 Qd6 1/2-1/2

[Event "Slovakian-ch Youth 2022"]
[Site "Lubovna"]
[Date "2022.05.23"]
[Round "4.20"]
[White "Sustek, Adam"]
[Black "Salgovic, Simon"]
[Result "0-1"]
[ECO "B01"]
[WhiteElo "1636"]
[BlackElo "2091"]
[Annotator "TA"]
[PlyCount "38"]
[EventDate "2022.05.22"]
[EventCountry "SVK"]
[SourceTitle "playchess.com"]
[Source "ChessBase"]
[SourceQuality "1"]
[TimeControl "40/5400+30:1800+30"]

1. e4 d5 2. exd5 Qxd5 3. d4 Nc6 4. Nf3 Bg4 5. Be2 O-O-O 6. c3 (6. Nc3 {seems wilder.} Qa5 7. Be3 e5 8. Nxe5 Bxe2 9. Qxe2 Nxe5 10. dxe5 Qxe5 11. Qc4) 6... e5 $1 {[%emt 0:05:02][%cal Re5d4] B01: Scandinavian Defence.} 7. dxe5 (7. h3 $11 Bf5 8. Be3) 7... Qxd1+ $15 ({Of course not} 7... Nxe5 8. Qxd5 Rxd5 9. Be3 $11) (7... Qe4 {with more complications.} 8. Nbd2 Bxf3 9. gxf3 Qxe5 10. Qc2 Bc5) 8. Bxd1 {[%emt 0:00:11] [#]} Nxe5 $1 {[%emt 0:00:20] Threatens to win with ...Nd3+. Black is slightly better.} 9. O-O (9. Be2 Nxf3+) 9... Nxf3+ 10. Bxf3 Bxf3 11. gxf3 Ne7 {[%emt 0:03:18][%cal Bg8e7,Be7f5,Bf5e3][%mdl 32] [#]} 12. Bg5 $146 ({Better is} 12. Nd2) ({Predecessor:} 12. Nd2 Nf5 13. Ne4 Be7 14. Re1 Rd3 15. Ng3 Nxg3 16. hxg3 Bc5 17. Kg2 h5 18. Bg5 {0-1 (37) Ramirez M,E (2057)-Damjanovic,V (2397) Chess.com INT 2020}) 12... f6 $17 13. Be3 Nf5 14. f4 (14. Bc1 $142) 14... Nxe3 $19 15. fxe3 Bc5 16. Re1 Rhe8 17. Kf1 (17. Kh1 $142) 17... Rxe3 {[%emt 0:04:04] Black is clearly winning.} 18. Rxe3 Bxe3 19. f5 (19. Na3 $142) 19... Bc1 {[%emt 0:01:32] White got outplayed after the opening.  Weighted Error Value: White=0.73/Black=0.00 (flawless)} 0-1

[Event "Slovakian-ch Youth 2022"]
[Site "Lubovna"]
[Date "2022.05.23"]
[Round "4.21"]
[White "Janik, Marek Tobias"]
[Black "Volanek, Maros"]
[Result "1-0"]
[ECO "A21"]
[WhiteElo "1840"]
[BlackElo "1458"]
[Annotator "NA COMBH"]
[PlyCount "121"]
[EventDate "2022.05.22"]
[EventCountry "SVK"]
[SourceTitle "playchess.com"]
[Source "ChessBase"]
[SourceQuality "1"]
[TimeControl "40/5400+30:1800+30"]

1. c4 e5 2. Nc3 f5 3. g3 Nf6 4. Bg2 Be7 5. e3 d6 6. Nge2 Nbd7 7. f4 O-O 8. O-O c6 9. b3 Qc7 10. Bb2 Nb6 11. Qc2 Kh8 12. h3 Be6 13. Kh2 Rad8 14. e4 Qc8 15. d3 h6 16. exf5 Bxf5 17. Ne4 Qc7 18. fxe5 Nxe4 19. dxe4 Bh7 20. Nf4 Qc8 21. e6 Bf6 22. e7 Bxe7 23. Nh5 Rg8 24. Qc3 d5 25. exd5 cxd5 26. Rf7 d4 27. Qf3 Qe6 28. Rd1 Bg6 29. Rf4 d3 30. Qg4 Qxg4 31. hxg4 Bc5 32. Be4 Bxe4 33. Rxe4 Kh7 34. Nf4 a5 35. Ne6 Rc8 36. Rxd3 Bb4 37. a3 Bf8 38. Kg2 a4 39. Nxf8+ Rcxf8 40. c5 Nc8 41. Rxa4 Rf7 42. Rf4 Rc7 43. b4 b6 44. Be5 Rc6 45. Bd6 Rd8 46. Rfd4 Re8 47. Kf2 bxc5 48. Bxc5 Rf6+ 49. Rf4 Rfe6 50. Re3 Rxe3 51. Bxe3 Nd6 52. Kf3 Ra8 53. Bc1 Nb5 54. Ke4 Rd8 55. Ke3 Rd1 56. Bb2 Rb1 57. Rf2 Nd6 58. Kd3 Rg1 59. Be5 Nb5 60. a4 Na3 61. Rf7 1-0

[Event "Slovakian-ch Youth 2022"]
[Site "Lubovna"]
[Date "2022.05.23"]
[Round "4.22"]
[White "Horvath, Marek"]
[Black "Sevcik, Matej"]
[Result "1/2-1/2"]
[ECO "D52"]
[WhiteElo "1801"]
[BlackElo "1820"]
[Annotator "NA COMBH"]
[PlyCount "54"]
[EventDate "2022.05.22"]
[EventCountry "SVK"]
[SourceTitle "playchess.com"]
[Source "ChessBase"]
[SourceQuality "1"]
[TimeControl "40/5400+30:1800+30"]

1. d4 d5 2. c4 c6 3. Nf3 Nf6 4. Nc3 e6 5. Bg5 Nbd7 6. e3 Qa5 7. Nd2 dxc4 8. Bxf6 Nxf6 9. Bxc4 Be7 10. O-O O-O 11. a3 Rd8 12. b4 Qc7 13. Qc2 e5 14. Nf3 exd4 15. exd4 Bd6 16. Rfe1 Bg4 17. Ne5 Rf8 18. Nxg4 Nxg4 19. h3 Nf6 20. Rad1 Rac8 21. Qd2 a5 22. bxa5 Bxa3 23. Na4 Rcd8 24. Qc3 Bd6 25. Rb1 Rfe8 26. Rxe8+ Rxe8 27. Nc5 Ne4 1/2-1/2

[Event "Slovakian-ch Youth 2022"]
[Site "Lubovna"]
[Date "2022.05.23"]
[Round "4.23"]
[White "Klimek, Martin"]
[Black "Papp, Gabor"]
[Result "0-1"]
[ECO "C11"]
[WhiteElo "1451"]
[BlackElo "2564"]
[Annotator "TA"]
[PlyCount "64"]
[EventDate "2022.05.22"]
[EventCountry "SVK"]
[SourceTitle "playchess.com"]
[Source "ChessBase"]
[SourceQuality "1"]
[TimeControl "40/5400+30:1800+30"]

1. e4 e6 2. d4 d5 3. Nc3 Nf6 4. e5 Nfd7 5. Nf3 c5 6. Bb5 a6 7. Bxd7+ Bxd7 8. O-O Nc6 {[%emt 0:00:14] C11: French: Classical System: 4 e5 and 4 Bg5 dxe4.} 9. Ne2 Rc8 $5 {[%emt 0:02:32][%mdl 4] [#] An interesting side line.} 10. b3 $146 ({Predecessor:} 10. c3 cxd4 11. Nexd4 Be7 12. Re1 Qb6 13. Qe2 Qa7 14. Be3 Qb8 15. Bg5 Nxd4 16. cxd4 {½-½ (71) Zamudio,J (2082)-Abregu,M (2251) Buenos Aires 2019}) 10... Qc7 {[%emt 0:03:26] The position is equal.} 11. c3 cxd4 12. cxd4 Nb4 13. Bd2 {[%emt 0:08:46] [#]} Bb5 ({Black should try} 13... Nc2 $1 $17 14. Rb1 Bb5) 14. Bxb4 $11 Bxb4 15. a3 Be7 {[%emt 0:00:42] And now ...Qc2 would win.} 16. Rc1 {[%emt 0:03:26] Inhibits Qc2.} Qd7 {[%emt 0:02:24] Black is more active.} (16... Bc6 $5 17. b4 O-O $15) 17. Rxc8+ Qxc8 18. b4 {[%emt 0:01:08] Loses the game.} (18. a4 $15 Bxe2 19. Qxe2) 18... Qc4 $19 19. Ng3 O-O 20. Qc1 Rc8 21. Qxc4 Rxc4 22. Ra1 Rc3 23. Nf1 a5 24. Ne3 axb4 25. a4 (25. axb4 h6 26. h3) 25... Bc6 26. Nd2 Rd3 27. Nf3 Ra3 28. Nc2 Rxa1+ 29. Nxa1 Bxa4 {[%emt 0:00:09] [#] White must now prevent ...b3.} 30. Nd2 {[%emt 0:00:27] Prevents b3.} Bg5 31. Ndb3 f6 {[%emt 0:00:55] ...fxe5 is the strong threat.} 32. Nc5 b5 {[%emt 0:00:25] Weighted Error Value: White=0.38/Black=0.07 (flawless)} 0-1

[Event "Slovakian-ch Youth 2022"]
[Site "Lubovna"]
[Date "2022.05.23"]
[Round "4.24"]
[White "Lakota, Jan"]
[Black "Ondrejcak Gregor"]
[Result "1-0"]
[ECO "C60"]
[WhiteElo "1488"]
[BlackElo "1000"]
[Annotator "NA COMBH"]
[PlyCount "93"]
[EventDate "2022.05.22"]
[EventCountry "SVK"]
[SourceTitle "playchess.com"]
[Source "ChessBase"]
[SourceQuality "1"]
[TimeControl "40/5400+30:1800+30"]

1. e4 e5 2. Nf3 Nc6 3. Bb5 Nge7 4. O-O g6 5. d4 exd4 6. Nxd4 Bg7 7. c3 d5 8. Bg5 f6 9. Bf4 O-O 10. exd5 Nxd4 11. Qxd4 Nxd5 12. Bc4 c6 13. Na3 a6 14. Rad1 Be6 15. Qd2 f5 16. Nc2 Nxf4 17. Qxf4 Qf6 18. Rd6 Rfe8 19. Nd4 Bxc4 20. Rxf6 Bxf6 21. Rd1 Rad8 22. b3 Bf7 23. Qc1 c5 24. Nf3 Rxd1+ 25. Qxd1 Bxc3 26. h4 Bb4 27. Qd7 Re2 28. Ng5 Re1+ 29. Kh2 Be8 30. Qxh7+ Kf8 31. Qh8+ Ke7 32. Qg7+ Kd8 33. Qxb7 a5 34. Qd5+ Kc7 35. Ne6+ Kb8 36. Qd8+ Ka7 37. Qc7+ Ka6 38. Nd8 a4 39. Qb7+ Ka5 40. Qa7+ Kb5 41. bxa4+ Kc4 42. Qa6+ Kc3 43. Nc6 Re6 44. Qc8 Rxc6 45. Qxe8 Ra6 46. Qe3+ Kb2 47. Qe2+ 1-0

[Event "Slovakian-ch Youth 2022"]
[Site "Lubovna"]
[Date "2022.05.23"]
[Round "4.25"]
[White "Havalda, Samuel"]
[Black "Vojtas Marek"]
[Result "1-0"]
[ECO "B33"]
[WhiteElo "1465"]
[BlackElo "1000"]
[Annotator "NA COMBH"]
[PlyCount "73"]
[EventDate "2022.05.22"]
[EventCountry "SVK"]
[SourceTitle "playchess.com"]
[Source "ChessBase"]
[SourceQuality "1"]
[TimeControl "40/5400+30:1800+30"]

1. e4 c5 2. Nf3 Nc6 3. d4 cxd4 4. Nxd4 e5 5. Nb5 d6 6. N1c3 a6 7. Na3 Nf6 8. Bg5 Be7 9. Bxf6 Bxf6 10. Nd5 Qa5+ 11. c3 Bg5 12. Nc4 Qd8 13. Ndb6 Rb8 14. Nxd6+ Kf8 15. Ndxc8 Rxc8 16. Nxc8 Qxc8 17. h4 Bh6 18. g3 g6 19. Bh3 Qc7 20. O-O Rg8 21. Qf3 g5 22. Rfd1 Qb8 23. Rd7 Qe8 24. Rad1 Rg7 25. h5 Kg8 26. R1d6 g4 27. Bxg4 Bg5 28. h6 Rg6 29. Bh5 Be7 30. Bxg6 fxg6 31. Rd1 Nd8 32. Qd3 Nf7 33. Qc4 Kf8 34. Rxb7 Nd6 35. Rxd6 Bxd6 36. Rg7 Qe6 37. Qxe6 1-0

[Event "Slovakian-ch Youth 2022"]
[Site "Lubovna"]
[Date "2022.05.23"]
[Round "4.26"]
[White "Tokarcik, Patrik"]
[Black "Filo, David"]
[Result "1/2-1/2"]
[ECO "B13"]
[WhiteElo "1591"]
[BlackElo "1653"]
[Annotator "NA COMBH"]
[PlyCount "36"]
[EventDate "2022.05.22"]
[EventCountry "SVK"]
[SourceTitle "playchess.com"]
[Source "ChessBase"]
[SourceQuality "1"]
[TimeControl "40/5400+30:1800+30"]

1. e4 c6 2. Nf3 d5 3. exd5 cxd5 4. d4 Nf6 5. Bd3 Nc6 6. c3 Bg4 7. O-O e6 8. Bg5 Be7 9. Nbd2 O-O 10. Qc2 h6 11. Bh4 Rc8 12. Rfe1 Bxf3 13. Nxf3 Nb4 14. Qd2 Nxd3 15. Qxd3 Nd7 16. Bg3 Qb6 17. Qe2 Bd6 18. Bxd6 Qxd6 1/2-1/2

[Event "Slovakian-ch Youth 2022"]
[Site "Lubovna"]
[Date "2022.05.23"]
[Round "4.27"]
[White "Durovka, Marek"]
[Black "Meszaros, Casey Ryan"]
[Result "1-0"]
[ECO "D46"]
[WhiteElo "1827"]
[BlackElo "1757"]
[Annotator "NA COMBH"]
[PlyCount "109"]
[EventDate "2022.05.22"]
[EventCountry "SVK"]
[SourceTitle "playchess.com"]
[Source "ChessBase"]
[SourceQuality "1"]
[TimeControl "40/5400+30:1800+30"]

1. c4 e6 2. Nc3 d5 3. d4 Nf6 4. Nf3 c6 5. e3 Be7 6. Bd3 O-O 7. O-O b6 8. b3 Bb7 9. Bb2 c5 10. cxd5 exd5 11. Rc1 Nbd7 12. Qe2 Re8 13. Rfd1 cxd4 14. Nxd4 Bc5 15. Na4 Bxd4 16. Bxd4 Rc8 17. Qb2 g6 18. Nc3 Bc6 19. Nb5 Bxb5 20. Bxb5 Rxc1 21. Rxc1 Ne4 22. Bc6 Re7 23. Bxd5 Ndc5 24. Bxe4 Nxe4 25. f3 Nc5 26. Bf6 Qd3 27. Bxe7 Qxe3+ 28. Kh1 Qxe7 29. b4 Ne6 30. Qd2 Kg7 31. a3 Qf6 32. Qc3 Qxc3 33. Rxc3 Kf6 34. Rd3 Ke7 35. Kg1 Nc7 36. Kf2 Ne6 37. Ke3 f5 38. g3 Ke8 39. Kd2 Ke7 40. Kc3 b5 41. f4 a6 42. Kb3 Nc7 43. a4 h6 44. axb5 axb5 45. Kc3 Ke6 46. Rd8 Nd5+ 47. Kb3 g5 48. fxg5 hxg5 49. Rg8 Kf6 50. Rb8 f4 51. gxf4 gxf4 52. Rxb5 Ke5 53. Kc4 f3 54. Rxd5+ Ke4 55. Rd8 1-0

[Event "Slovakian-ch Youth 2022"]
[Site "Lubovna"]
[Date "2022.05.23"]
[Round "4.28"]
[White "Ropovik, Samuel"]
[Black "Dolnik, Michal"]
[Result "1/2-1/2"]
[ECO "C46"]
[WhiteElo "1453"]
[BlackElo "1548"]
[Annotator "NA COMBH"]
[PlyCount "113"]
[EventDate "2022.05.22"]
[EventCountry "SVK"]
[SourceTitle "playchess.com"]
[Source "ChessBase"]
[SourceQuality "1"]
[TimeControl "40/5400+30:1800+30"]

1. e4 e5 2. Nf3 Nc6 3. Nc3 Bc5 4. Nxe5 Nxe5 5. d4 Bd6 6. dxe5 Bxe5 7. Qd3 Bxc3+ 8. Qxc3 Nf6 9. Bg5 O-O 10. Bxf6 Qxf6 11. Qxf6 gxf6 12. O-O-O d6 13. Bd3 c6 14. f4 b5 15. c4 bxc4 16. Bxc4 Rd8 17. Rd4 c5 18. Rd2 Bb7 19. Bd5 Rab8 20. Rhd1 Bxd5 21. Rxd5 Rb6 22. Rxc5 Rdb8 23. Rc2 Rb4 24. Rxd6 Rxe4 25. Rxf6 Rbe8 26. Ra6 Re1+ 27. Kd2 R1e2+ 28. Kd3 R8e3+ 29. Kd4 Rxc2 30. Kxe3 Rxb2 31. Kf3 Kg7 32. Rxa7 h5 33. Ra6 h4 34. Kg4 Rxg2+ 35. Kxh4 Rxh2+ 36. Kg5 Rg2+ 37. Kf5 Rh2 38. a4 Rh5+ 39. Ke4 f6 40. f5 Rh4+ 41. Kd5 Rf4 42. Ra7+ Kh6 43. Ke6 Kg5 44. Rg7+ Kh6 45. Rg6+ Kh7 46. Kxf6 Rxa4 47. Rg7+ Kh8 48. Re7 Ra6+ 49. Kf7 Kh7 50. Re6 Ra5 51. f6 Kh6 52. Re8 Ra7+ 53. Kg8 Kg6 54. Rf8 Rb7 55. f7 Ra7 56. Kh8 Rxf7 57. Rg8+ 1/2-1/2

[Event "Slovakian-ch Youth 2022"]
[Site "Lubovna"]
[Date "2022.05.23"]
[Round "4.29"]
[White "Bilik, Matej"]
[Black "Hudak, Michal"]
[Result "0-1"]
[ECO "B41"]
[WhiteElo "1553"]
[BlackElo "1169"]
[Annotator "NA COMBH"]
[PlyCount "65"]
[EventDate "2022.05.22"]
[EventCountry "SVK"]
[SourceTitle "playchess.com"]
[Source "ChessBase"]
[SourceQuality "1"]
[TimeControl "40/5400+30:1800+30"]

1. e4 c5 2. Nf3 e6 3. d4 cxd4 4. Nxd4 a6 5. Qf3 b5 6. a4 e5 7. Nb3 bxa4 8. Rxa4 Nc6 9. Nc3 Bb4 10. Bc4 Qf6 11. Qxf6 Nxf6 12. Bd2 Bxc3 13. Bxc3 Nxe4 14. Bxf7+ Kxf7 15. Rxe4 d5 16. Re2 Re8 17. O-O a5 18. Nc5 Ra7 19. Rfe1 d4 20. Bd2 Bf5 21. Bc1 Rae7 22. Bg5 Rc7 23. f4 h6 24. Bh4 Bg4 25. Rf2 Kg8 26. Ne4 Kh8 27. h3 Bh5 28. fxe5 Nxe5 29. Bg3 d3 30. Nd6 Nf3+ 31. Rxf3 Rxe1+ 32. Bxe1 Bxf3 33. gxf3 0-1

[Event "Slovakian-ch Youth 2022"]
[Site "Lubovna"]
[Date "2022.05.23"]
[Round "4.30"]
[White "Shykhnenko, Hryhorii"]
[Black "Janoska Peter"]
[Result "1/2-1/2"]
[ECO "C00"]
[WhiteElo "1284"]
[BlackElo "1272"]
[Annotator "NA COMBH"]
[PlyCount "41"]
[EventDate "2022.05.22"]
[EventCountry "SVK"]
[SourceTitle "playchess.com"]
[Source "ChessBase"]
[SourceQuality "1"]
[TimeControl "40/5400+30:1800+30"]

1. e4 c5 2. f4 e6 3. Nf3 d5 4. e5 Nc6 5. Bb5 Bd7 6. Bxc6 Bxc6 7. d3 Be7 8. O-O Nh6 9. Nc3 O-O 10. h3 Bh4 11. d4 b6 12. Kh2 Be7 13. Bd2 Nf5 14. dxc5 Bxc5 15. Ne2 Bb5 16. g4 Ne3 17. Bxe3 Bxe3 18. Rh1 Qc7 19. Nfd4 Ba6 20. c3 Qc4 21. Qc2 1/2-1/2

[Event "Slovakian-ch Youth 2022"]
[Site "Lubovna"]
[Date "2022.05.23"]
[Round "4.31"]
[White "Boros, David"]
[Black "Dvorak, Alfred"]
[Result "0-1"]
[ECO "B34"]
[WhiteElo "1173"]
[BlackElo "1239"]
[Annotator "NA COMBH"]
[PlyCount "58"]
[EventDate "2022.05.22"]
[EventCountry "SVK"]
[SourceTitle "playchess.com"]
[Source "ChessBase"]
[SourceQuality "1"]
[TimeControl "40/5400+30:1800+30"]

1. e4 c5 2. Nf3 Nc6 3. d4 cxd4 4. Nxd4 g6 5. Nc3 Bg7 6. Be3 a6 7. Bc4 e6 8. Nxc6 bxc6 9. Bd4 Nf6 10. O-O d5 11. exd5 exd5 12. Bb3 O-O 13. f3 Qc7 14. Na4 Re8 15. Re1 Rxe1+ 16. Qxe1 Bf5 17. Qc3 Qd6 18. Be5 Qe7 19. Qxc6 Rc8 20. Bxf6 Qxf6 21. Qxf6 Bxf6 22. Nb6 Bd4+ 23. Kf1 Bxb6 24. Bxd5 Rxc2 25. g4 Bd3+ 26. Ke1 Rxb2 27. a4 Rxh2 28. a5 Be3 29. Ra2 Rh1# 0-1

[Event "Slovakian-ch Youth 2022"]
[Site "Lubovna"]
[Date "2022.05.23"]
[Round "4.32"]
[White "Gobl, Fabian"]
[Black "Ziman, Damian"]
[Result "1/2-1/2"]
[ECO "D00"]
[WhiteElo "1017"]
[BlackElo "1293"]
[Annotator "NA COMBH"]
[PlyCount "89"]
[EventDate "2022.05.22"]
[EventCountry "SVK"]
[SourceTitle "playchess.com"]
[Source "ChessBase"]
[SourceQuality "1"]
[TimeControl "40/5400+30:1800+30"]

1. d4 d5 2. Bf4 Nf6 3. Nc3 Bf5 4. e3 e6 5. Nge2 Be7 6. h3 O-O 7. Ng3 Bg6 8. Bd3 Bxd3 9. Qxd3 c6 10. O-O Nbd7 11. Rfe1 Qb6 12. b3 Qa5 13. e4 Bb4 14. Bd2 dxe4 15. Ngxe4 Nd5 16. Nxd5 cxd5 17. Bxb4 Qxb4 18. Ng5 Nf6 19. c3 Qd6 20. Re3 h6 21. Nf3 Rac8 22. Ne5 Ne4 23. Rc1 Rc7 24. c4 b6 25. Rc2 Rfc8 26. Ree2 Nf6 27. cxd5 Qxd5 28. Nf3 Qd6 29. Ne1 Rd8 30. Rxc7 Qxc7 31. Rd2 e5 32. Rc2 Qe7 33. Qe2 Rxd4 34. Rc8+ Kh7 35. Qc2+ g6 36. Nf3 Rd5 37. Rc7 Rd7 38. Rc6 Kg7 39. Qc4 Rd1+ 40. Kh2 e4 41. Rc7 Rd7 42. Rxd7 Qxd7 43. Ne5 Qe7 44. Nc6 Qd6+ 45. Kg1 1/2-1/2

[Event "Slovakian-ch Youth 2022"]
[Site "Lubovna"]
[Date "2022.05.23"]
[Round "4.33"]
[White "Papay Aurel"]
[Black "Brnusak, Simon"]
[Result "1/2-1/2"]
[ECO "B47"]
[WhiteElo "1000"]
[BlackElo "1090"]
[Annotator "NA COMBH"]
[PlyCount "43"]
[EventDate "2022.05.22"]
[EventCountry "SVK"]
[SourceTitle "playchess.com"]
[Source "ChessBase"]
[SourceQuality "1"]
[TimeControl "40/5400+30:1800+30"]

1. e4 c5 2. Nf3 e6 3. Nc3 Nc6 4. d4 cxd4 5. Nxd4 Qc7 6. Bc4 Nf6 7. Bg5 Be7 8. Qd2 O-O 9. O-O-O a6 10. Rhe1 e5 11. Nxc6 bxc6 12. Re3 Re8 13. Rg3 Nh5 14. Rf3 Bf6 15. Bxf6 Nxf6 16. Qg5 h6 17. Qh4 d5 18. exd5 e4 19. Rg3 Kh8 20. d6 Qb7 21. Re3 Rb8 22. Bb3 1/2-1/2

[Event "Slovakian-ch Youth 2022"]
[Site "Lubovna"]
[Date "2022.05.23"]
[Round "4.34"]
[White "Krajci Hugo"]
[Black "Drabek Matej"]
[Result "0-1"]
[ECO "C64"]
[WhiteElo "1178"]
[BlackElo "1000"]
[Annotator "NA COMBH"]
[PlyCount "62"]
[EventDate "2022.05.22"]
[EventCountry "SVK"]
[SourceTitle "playchess.com"]
[Source "ChessBase"]
[SourceQuality "1"]
[TimeControl "40/5400+30:1800+30"]

1. e4 e5 2. Nf3 Nc6 3. Bb5 Bc5 4. Bxc6 bxc6 5. Nxe5 Qe7 6. Qh5 Nf6 7. Qf5 d6 8. Nxc6 Qxe4+ 9. Qxe4+ Nxe4 10. O-O Ba6 11. Re1 Bxf2+ 12. Kh1 Bxe1 13. Nc3 Nf2+ 14. Kg1 O-O 15. d3 Ng4 16. Bg5 h6 17. Bxh6 Nxh6 18. Rxe1 Rfe8 19. Rxe8+ Rxe8 20. Nxa7 Ng4 21. Ne4 Bb7 22. h3 Bxe4 23. dxe4 Ne3 24. c3 Rxe4 25. Nb5 Nd5 26. b3 Re1+ 27. Kh2 Re2 28. Nd4 Rxa2 29. c4 Ne3 30. Kg3 c5 31. Kf3 Nd1 0-1

[Event "Slovakian-ch Youth 2022"]
[Site "Lubovna"]
[Date "2022.05.23"]
[Round "4.35"]
[White "Diachenko Mykhailo"]
[Black "Kriska Alexander"]
[Result "1-0"]
[ECO "C26"]
[WhiteElo "1000"]
[BlackElo "1046"]
[Annotator "NA COMBH"]
[PlyCount "38"]
[EventDate "2022.05.22"]
[EventCountry "SVK"]
[SourceTitle "playchess.com"]
[Source "ChessBase"]
[SourceQuality "1"]
[TimeControl "40/5400+30:1800+30"]

1. g3 e5 2. Bg2 Nf6 3. e4 Nc6 4. Nc3 Bb4 5. Nge2 d6 6. O-O Be6 7. Re1 Bg4 8. a3 Bxc3 9. dxc3 O-O 10. Bg5 Re8 11. b4 b5 12. a4 Rb8 13. Bxf6 Qxf6 14. Qd5 Bf5 15. axb5 Bd7 16. Qb3 Ne7 17. Nd4 Rb7 18. c4 Ra8 19. Qf3 Ng6 1-0

[Event "Slovakian-ch Youth 2022"]
[Site "Lubovna"]
[Date "2022.05.23"]
[Round "4.36"]
[White "Stavac Teodor"]
[Black "Slivka Martin"]
[Result "0-1"]
[ECO "C62"]
[WhiteElo "1000"]
[BlackElo "1000"]
[Annotator "NA COMBH"]
[PlyCount "72"]
[EventDate "2022.05.22"]
[EventCountry "SVK"]
[SourceTitle "playchess.com"]
[Source "ChessBase"]
[SourceQuality "1"]
[TimeControl "40/5400+30:1800+30"]

1. e4 e5 2. Nf3 Nc6 3. Bb5 d6 4. d4 Bd7 5. Nc3 Be7 6. Be3 Nf6 7. d5 Nb4 8. a3 Bxb5 9. Nxb5 Na6 10. O-O Nxe4 11. Nc3 Nxc3 12. bxc3 Nc5 13. Bxc5 dxc5 14. Nxe5 O-O 15. c4 Bd6 16. Re1 Re8 17. Ng4 Qd7 18. Rxe8+ Rxe8 19. Rb1 Bf8 20. Rxb7 Qxg4 21. Rb1 Qxd1+ 22. Rxd1 Re4 23. Rc1 Rxc4 24. f3 Bd6 25. g4 f6 26. c3 Bf4 27. Kf1 Bxc1 28. Ke2 Rxc3 29. a4 Bg5 30. a5 Re3+ 31. Kf2 c4 32. Kg3 c3 33. h4 Bxh4+ 34. Kxh4 c2 35. f4 c1=Q 36. f5 Qh1# 0-1